 Dungeon Crawl Stone Soup version 0.21.0-24-g2553a33 (webtiles) character file.

7 Monsterracer the Magician (level 1, -1/12 HPs)
             Began as a Deep Elf Transmuter on Jan 19, 2018.
             Slain by a hobgoblin
             ... wielding a +0 club
              (4 damage)
             ... on level 1 of the Dungeon.
             The game lasted 00:00:34 (479 turns).

Monsterracer the Magician (Deep Elf Transmuter)      Turns: 479, Time: 00:00:35

Health: -1/12      AC:  2    Str:  7    XL:     1   Next: 91%
Magic:  6/6        EV: 13    Int: 17    God:
Gold:   9          SH:  0    Dex: 15    Spells: 5/6 levels left

rFire    . . .     SeeInvis .   g - +0 dagger
rCold    . . .     Gourm    .   (no shield)
rNeg     . . .     Faith    .   b - +0 robe
rPois    .         Spirit   .   (no helmet)
rElec    .         Reflect  .   (no cloak)
rCorr    .         Harm     .   (no gloves)
MR       .....                  (no boots)
Stlth    +.........             (no amulet)
HPRegen  0.04/turn              (no ring)
MPRegen  0.10/turn              (no ring)

@: appendage
A: horns 2
a: End Transformation


You were on level 1 of the Dungeon.
You were not hungry.
You had grown temporary horns.
You visited 1 branch of the dungeon, and saw 1 of its levels.

You collected 9 gold pieces.

Inventory:

Hand Weapons
 g - a +0 dagger (weapon)
Missiles
 a - 12 arrows
Armour
 b - a +0 robe (worn)
Scrolls
 f - a scroll of remove curse {unknown}
Books
 d - a book of Changes

   Spells                             Type                      Level
   a - Beastly Appendage              Transmutation                1
   b - Sticks to Snakes               Transmutation                2
   c - Spider Form                    Transmutation/Poison         3
   d - Ice Form                       Ice/Transmutation            4
   e - Blade Hands                    Transmutation                5
Comestibles
 c - a ration


   Skills:
 - Level 1.5 Fighting
 + Level 0.4 Short Blades
 - Level 2.4 Dodging
 - Level 2.4 Unarmed Combat
 - Level 3.0 Spellcasting
 - Level 2.1 Transmutations


You had 5 spell levels left.
You knew the following spells:

 Your Spells              Type           Power        Failure   Level  Hunger
a - Beastly Appendage     Tmut           ##....       7%          1    None


Dungeon Overview and Level Annotations

Branches:
Dungeon (1/15)

Altars:


Innate Abilities, Weirdness & Mutations

You have a pair of horns on your head.


Message History

You take 1 damage, and have 11/12 hp.
You hit the rat.
You kill the rat!
No target in view!
Key pressed, stopping explore.
No target in view!
No target in view!
You see here a rat corpse.
You see here a rat corpse.
A giant cockroach comes into view.
Found a dagger.
Health restored: 12 A giant cockroach is nearby!
A giant cockroach is nearby!
A hobgoblin comes into view. It is wielding a club.
The hobgoblin shouts!
Found a stone staircase leading down.
A kobold comes into view.
The kobold throws a stone.
The stone hits you but does no damage. The giant cockroach closely misses you.
You see here a stone.
A rat comes into view.
The giant cockroach closely misses you.
The kobold throws a stone.
The stone hits you.
Things that are here:
a stone; a dagger You are too injured to fight recklessly!
You take 3 damage, and have 9/12 hp.
MASSIVE DAMAGE!!
You are too injured to fight recklessly!
g - a dagger The giant cockroach bites you but does no damage.
The kobold throws a stone.
The stone misses you.
The stone hits the giant cockroach but does no damage.
Unknown command.
The giant cockroach barely misses you.
The kobold throws a stone.
The stone barely misses you.
You see here a stone.
The giant cockroach bites you.
You take 1 damage, and have 8/12 hp.
The rat closely misses you. The rat closely misses you.
The giant cockroach barely misses you.
A rat comes into view.
Found 24 sling bullets.
The giant cockroach misses you.
Wield which item (- for none, * to show all)? (? for menu, Esc to quit)
g - a +0 dagger (weapon)
The giant cockroach bites you but does no damage.
Drop what? 7/52 slots (_ for help) (? for menu, Esc to quit)
You drop a +0 whip.
The giant cockroach misses you.
The giant cockroach waves its antennae.
The rat closely misses you. The rat misses you.
Found a mace.
The giant cockroach closely misses you.
The rat twitches its whiskers.
The rat twitches its whiskers.
The giant cockroach closely misses you.
The giant cockroach bites you but does no damage.
Casting: Beastly Appendage
Confirm with . or Enter, or press ? or * to list all spells.
You grow a pair of large bovine horns.
The giant cockroach barely misses you.
You now have 5/6 mp.
You hit the giant cockroach but do no damage.
The giant cockroach completely misses you.
You hit the giant cockroach but do no damage.
The giant cockroach bites you but does no damage.
You closely miss the giant cockroach. The giant cockroach misses you.
You hit the giant cockroach but do no damage.
The giant cockroach bites you. x2
* * * LOW HITPOINT WARNING * * *
You take 3 damage, and have 6/12 hp.
MASSIVE DAMAGE!!
You hit the giant cockroach but do no damage.
The giant cockroach barely misses you.
You hit the giant cockroach but do no damage.
The giant cockroach misses you.
You hit the giant cockroach.
The giant cockroach is severely wounded.
The giant cockroach barely misses you.
You hit the giant cockroach.
You kill the giant cockroach!
You completely miss the hobgoblin. Your headbutt misses the hobgoblin.
The hobgoblin hits you with a club.
* * * LOW HITPOINT WARNING * * *
You take 3 damage, and have 4/12 hp.
MASSIVE DAMAGE!!
MP restored: 6 You hit the hobgoblin.
The hobgoblin is moderately wounded.
The hobgoblin closely misses you.
You completely miss the hobgoblin.
The hobgoblin is moderately wounded.
The hobgoblin hits you with a club.
* * * LOW HITPOINT WARNING * * *
You take 1 damage, and have 3/12 hp.
You closely miss the hobgoblin. You headbutt the hobgoblin.
The hobgoblin is almost dead.
You hit the hobgoblin but do no damage.
The hobgoblin is almost dead.
The hobgoblin hits you with a club.
You die...

#.########## ##...# #..........#
##..#### #.........># ##....#####
#.)K...K...# #........#####
##.######r#.# ###.####.....#
....### #...# #.## #####.#
#...gr#####.### ######..#######.#
#.###K.((##..$###..........>..#.#
........((....rg@.#####.....###.#
#.######..##..r######.†...### #.#
#( ##.###.........###.# #.. #.
#..##....###### #.## ##.
##....#..# #..### #. ....#....
##...# #. .##.#....# ###.###.
........#.# #.## #..##.
...[.#.....


You could see a hobgoblin and 2 rats.

Vanquished Creatures
  A leopard gecko (D:1)
  A giant cockroach (D:1)
  A kobold (D:1)
  A bat (D:1)
  2 frilled lizards (D:1)
  A rat (D:1)
7 creatures vanquished.

Notes
Turn   | Place    | Note
-------+----------+-------------------------------------------
     0 | D:1      | Monsterracer the Deep Elf Transmuter began the quest for the Orb.
     0 | D:1      | Reached XP level 1. HP: 11/11 MP: 6/6
    18 | D:1      | HP: 5/11 [leopard gecko (3)]
    18 | D:1      | HP: 2/11 [leopard gecko (3)]
    21 | D:1      | Reached skill level 1 in Fighting
   470 | D:1      | HP: 6/12 [giant cockroach (1)]
   475 | D:1      | HP: 4/12 [hobgoblin/club (3)]
   479 | D:1      | Slain by a hobgoblin

Skill      XL: |  1 |
---------------+----+-----
Fighting       | 1 |  1.5
Short Blades   | |  0.4
Dodging        | |  2.4
Unarmed Combat | |  2.4
Spellcasting   | |  3.0
Transmutations | |  2.1

Action                   || total
-------------------------++-------
Melee: Whip              ||    19
       Dagger            ||    13
       Kick              ||     1
       Headbutt          ||     1
 Cast: Beastly Appendage ||     3
Armor: Robe              ||     8
Dodge: Dodged            ||    35

Vault maps used:
D:1:      dpeg_arrival_tiny_a, grunt_decor_mini_mirrors
